 Dungeon Crawl Stone Soup version 0.30.1-11-g7821555f0a (webtiles) character file.

Game seed: 6964708752076807035

41516 booth the Warrior (level 13, -2/137 HPs)
             Began as a Minotaur Fighter on Dec 10, 2023.
             Was the Champion of Okawaru.
             Slain by a hornet (11 damage)
             ... on level 5 of the Lair of Beasts on Dec 12, 2023.
             The game lasted 01:39:59 (16235 turns).

booth the Warrior (Minotaur Fighter)               Turns: 16235, Time: 01:39:59

Health: -2/137     AC: 22    Str: 28 (29) XL:     13   Next: 80%
Magic:  12/12      EV: 12    Int: 11      God:    Okawaru [******]
Gold:   503        SH:  0    Dex: 13      Spells: 12/12 levels left

rFire   + . .        g - +11 battleaxe of Nightmares {freeze, Str+5 Int+5 Stlth-}
rCold   . . .        (shield currently unavailable)
rNeg    + + .        o - +3 chain mail {rN+}
rPois   .            I - +2 hat
rElec   .            k - +2 cloak
rCorr   .            D - +1 pair of gloves
SInv    .            (no boots)
Will    +....        G - amulet of Vitality {RegenMP++ Regen++} Stlth
                     l - ring of protection from fire
HPRegen 2.02/turn    x - ring of positive energy
MPRegen 0.93/turn

%: clarity
@: lethally poisoned (-2 -> -5), slowed, very slow
A: horns 2, retaliatory headbutt, agile 1, clarity, deterioration 1,
strong-willed 1
a: Renounce Religion, Heroism, Finesse, Duel


You were on level 5 of the Lair of Beasts.
You worshipped Okawaru.
Okawaru was exalted by your worship.
You visited 3 branches of the dungeon, and saw 16 of its levels.

You collected 1191 gold pieces.
You spent 688 gold pieces at shops.

Inventory:

Hand Weapons
 a - a +3 war axe
 g - the +11 battleaxe of Nightmares (weapon) {freeze, Str+5 Int+5 Stlth-}
   (You found it on level 9 of the Dungeon)

   Str:       It affects your strength (+5).
   Int:       It affects your intelligence (+5).
   Stlth:     It makes you less stealthy.
 h - a +5 dire flail of protection
 E - a +2 mace of venom
 R - a +0 executioner's axe of flaming
Missiles
 j - 2 atropa-tipped darts
 q - 6 poisoned darts
 u - 16 boomerangs (quivered)
 F - 5 curare-tipped darts
 H - 4 throwing nets
 M - 3 javelins
Armour
 c - a +1 kite shield of reflection
 k - a +2 cloak (worn)
 o - a +3 chain mail of positive energy (worn)
 D - a +1 pair of gloves (worn)
 I - a +2 hat (worn)
 L - the +2 buckler of Intense Miracles {rN++}
   (Okawaru gifted it to you on level 2 of the Lair of Beasts)

   rN:        It greatly protects you from negative energy.
Jewellery
 l - a ring of protection from fire (left hand)
 x - a ring of positive energy (right hand)
 B - a ring of flight
 G - the amulet of Vitality (around neck) {RegenMP++ Regen++}
   (You found it on level 10 of the Dungeon)

   [amulet of magic regeneration]

   It increases your rate of magic regeneration.
   Regen:     It increases your rate of health regeneration.
 N - a ring of poison resistance
 T - a ring of protection from fire
Wands
 p - a wand of acid (8)
 C - a wand of mindburst (7)
 O - a wand of flame (6)
 S - a wand of iceblast (5)
Scrolls
 e - 2 scrolls of immolation
 f - 6 scrolls of magic mapping
 m - 2 scrolls of vulnerability
 s - 4 scrolls of fog
 w - 4 scrolls of blinking
 y - 5 scrolls of teleportation
 P - a scroll of poison
Potions
 b - a potion of invisibility
 d - 3 potions of might
 i - 11 potions of curing
 n - 4 potions of heal wounds
 r - a potion of cancellation
 t - a potion of ambrosia
 v - 3 potions of berserk rage
 z - 3 potions of lignification
 A - 2 potions of flight
 J - a potion of haste
 K - 2 potions of attraction {unknown}


   Skills:
 + Level 19.0 Fighting
 + Level 17.1 Axes
 + Level 10.3 Throwing
 - Level 10.2 Armour
 + Level 7.0 Dodging
 - Level 6.4 Shields


You had 12 spell levels left.
You didn't know any spells.
Your spell library contained the following spells:

 Spells                   Type           Power      Damage    Failure   Level
 Apportation              Tloc           0%         N/A       77%         1
 Necrotise                Necr           0%         1d4       77%         1
 Slow                     Hex            0%         N/A       77%         1
 Cigotuvi's Dreadful Rot  Necr/Pois/Air  0%         N/A       88%         2
 Confusing Touch          Hex            0%         N/A       98%         3
 Gell's Gravitas          Tloc           0%         N/A       98%         3
 Hailstorm                Conj/Ice       0%         3d3       98%         3
 Ignite Poison            Fire/Tmut/Pois 0%         N/A       98%         3
 Ozocubu's Armour         Ice            0%         N/A       98%         3
 Stone Arrow              Conj/Erth      0%         3d7       98%         3
 Teleport Other           Tloc           0%         N/A       98%         3
 Vampiric Draining        Necr           0%         2d6       98%         3
 Ice Form                 Ice/Tmut       0%         N/A       100%        4
 Passage of Golubria      Tloc           0%         N/A       100%        4
 Agony                    Necr           0%         N/A       100%        5
 Freezing Cloud           Conj/Ice/Air   0%         6-21      100%        5
 Metabolic Englaciation   Hex/Ice        0%         N/A       100%        5
 Silence                  Hex/Air        0%         N/A       100%        5
 Dispersal                Tloc           0%         N/A       100%        6
 Lehudib's Crystal Spear  Conj/Erth      0%         10d2      100%        8
 Summon Small Mammal      Summ           Unusable   N/A       N/A         1
 Animate Armour           Summ/Erth      Unusable   N/A       N/A         4
 Simulacrum               Ice/Necr       Unusable   N/A       N/A         6

Dungeon Overview and Level Annotations

Branches:
Dungeon (10/15)            Temple (1/1) D:4            Lair (5/5) D:8
  Swamp (0/4) Lair:2       Spider (0/4) Lair:2        Slime (0/5) Lair:4
    Orc (0/2) D:10

Altars:
Ashenzari
Cheibriados
Dithmenos
Elyvilon
Fedhas
Gozag
Hepliaklqana
Kikubaaqudgha
Makhleb
Nemelex Xobeh
Okawaru
Qazlal
Ru
Sif Muna
Trog
Uskayaw
Vehumet
Wu Jian
Xom
Yredelemnul
Zin
The Shining One
Jiyva

Shops:
D:3 (   D:7 *

Annotations:
D:4 1 runed translucent door, Lutefisk's ghost, amateur TeAE


Innate Abilities, Weirdness & Mutations

You have a pair of horns on your head.
You reflexively headbutt those who attack you in melee.
You are agile. (Dex +4, Str/Int -1)
You possess an exceptional clarity of mind.
Your body sometimes deteriorates upon taking damage.
You are strong-willed. (Will+)


Message History

Your body deteriorates!
You feel weakened.
The cane toad stings you but does no damage.
The hornet stings you but does no damage.
You feel very sick. The cane toad stings you!
* * * LOW HITPOINT WARNING * * *
The cane toad stings you!
* * * LOW HITPOINT WARNING * * *
You are more poisoned.
The cane toad poisons you! The hornet stings you.
* * * LOW HITPOINT WARNING * * *
You feel yourself slow down.
The cane toad stings you but does no damage.
You can move again.
You feel much better.
You feel extremely sick. The hornet barely misses you. You furiously retaliate!
You headbutt the hornet!
The cane toad stings you but does no damage.
The hornet stings you.
* * * LOW HITPOINT WARNING * * *
You are more poisoned.
You feel as though you will be slow longer.
The cane toad stings you.
* * * LOW HITPOINT WARNING * * *
The cane toad stings you.
* * * LOW HITPOINT WARNING * * *
The hornet stings you!
* * * LOW HITPOINT WARNING * * *
You feel as though you will be slow longer.
You feel better. The cane toad misses you. You furiously retaliate!
You headbutt the cane toad. The cane toad stings you!!
* * * LOW HITPOINT WARNING * * *
You are poisoned.
The cane toad poisons you!
The hornet stings you but does no damage.
The cane toad stings you!
* * * LOW HITPOINT WARNING * * *
The cane toad barely misses you. You furiously retaliate!
You headbutt the cane toad. The hornet stings you!
You die...

##..##..## ........ ##..####).##
##.. ........ ##...#..#...## .#..
.#...... #...##..##...## ...
#...... ....#....#....##
..###...P..###. ...##....##....##
..P.##P.....##.
...#......#.....##....#..........
††##......##....##Y..............
..#........#....@yY..............
..#......P.#....FF...............
.................................
.#...............................
...#.............................
[................................
...(.............................
...................##..#.#P#.P##.
..............#.########.########


You could see 2 elephants, 2 cane toads and a hornet.

Vanquished Creatures
  Harold (Lair:1)
  Erolcha (D:9)
  A catoblepas (Lair:3)
  2 hydras
  11 death yaks
  3 skysharks
  A deep troll (D:10)
  A wolf spider (Lair:5)
  3 elephants (Lair:5)
  A manticore (D:8)
  A guardian serpent (Lair:5)
  6 black mambas
  A torpor snail (Lair:2)
  16 cane toads
  7 komodo dragons
  A kobold demonologist (D:9)
  2 rime drakes (Lair:1)
  A troll (D:8)
  2 polar bears
  3 hornets
  6 blink frogs
  9 wyverns (Lair:5)
  36 yaks
  2 basilisks
  Edmund (D:5)
  2 acid dragons (D:10)
  25 water moccasins
  A swamp drake (Lair:2)
  3 ice beasts
  4 black bears
  4 orc warriors
  An ogre (D:6)
  15 wolves
  3 centaurs
  A phantom (D:5)
  Blork the orc (D:5)
  5 necrophages (Lair:4)
  17 bullfrogs
  A gnoll sergeant (D:9)
  4 scorpions
  6 wights
  9 killer bees
  5 electric eels (D:8)
  2 howler monkeys
  4 jellies
  4 orc priests
  10 hounds
  6 iguanas
  A sleepcap (D:4)
  Ijyb (D:4)
  9 orc wizards
  19 gnolls
  4 adders
  A shadow imp (D:7)
  2 white imps (D:8)
  An ufetubus (D:5)
  4 worms
  36 orcs
  9 endoplasms
  A giant cockroach (D:1)
  5 goblins
  5 hobgoblins
  7 kobolds
  6 quokkas
  8 ball pythons
  6 bats
  4 frilled lizards
  9 rats
390 creatures vanquished.

Notes
Turn   | Place    | Note
-------+----------+-------------------------------------------
     0 | D:1      | booth the Minotaur Fighter began the quest for the Orb.
     0 | D:1      | Reached XP level 1. HP: 19/19 MP: 0/0
   201 | D:1      | Reached XP level 2. HP: 25/27 MP: 1/1
   301 | D:1      | Reached skill level 4 in Fighting
   658 | D:1      | Reached XP level 3. HP: 33/33 MP: 2/2
   826 | D:1      | Identified a scroll of acquirement
   830 | D:1      | Acquired a manual of Fighting
  1274 | D:2      | Gained mutation: You are agile. (Dex +4, Str/Int -1)
                  | [potion of mutation]
  1274 | D:2      | Gained mutation: You are strong-willed. (Will+) [potion of
                  | mutation]
  1274 | D:2      | Gained mutation: Your body sometimes deteriorates upon
                  | taking damage. [potion of mutation]
  1274 | D:2      | Gained mutation: You possess an exceptional clarity of
                  | mind. [potion of mutation]
  1382 | D:3      | Reached XP level 4. HP: 41/41 MP: 3/3
  1419 | D:3      | Found Gucwig's Weapon Shoppe.
  1730 | D:3      | Found a bloodstained altar of Trog.
  1877 | D:3      | Reached skill level 5 in Fighting
  1881 | D:3      | HP: 2/42 [gnoll/+0 flail (7)]
  1884 | D:3      | Reached skill level 5 in Axes
  2404 | D:4      | Reached XP level 5. HP: 18/48 MP: 4/4
  2687 | D:4      | Noticed Ijyb
  2698 | D:4      | Killed Ijyb
  2699 | D:4      | Reached skill level 6 in Fighting
  3001 | D:4      | Found a staircase to the Ecumenical Temple.
  3022 | Temple   | Entered the Ecumenical Temple
  3052 | Temple   | Became a worshipper of Warmaster Okawaru
  3116 | D:4      | Reached XP level 6. HP: 58/58 MP: 5/5
  3188 | D:4      | Found a burning altar of Makhleb.
  3204 | D:4      | Reached skill level 7 in Fighting
  3384 | D:4      | Found an ornate altar of the Wu Jian Council.
  3557 | D:4      | Found a runed translucent door.
  3562 | D:4      | Noticed Lutefisk's ghost (amateur TeAE)
  3757 | D:5      | Entered Level 5 of the Dungeon
  3878 | D:5      | Reached * piety under Okawaru
  3879 | D:5      | Reached XP level 7. HP: 25/67 MP: 6/6
  4068 | D:5      | Reached skill level 8 in Fighting
  4153 | D:5      | Noticed Edmund
  4285 | D:5      | Killed Edmund
  4286 | D:5      | Reached skill level 9 in Fighting
  4599 | D:5      | Reached ** piety under Okawaru
  4602 | D:5      | Identified the +1 whip "Jixkein" {flame, rF- rCorr SInv}
  4703 | D:5      | Noticed Blork the orc
  4723 | D:5      | Killed Blork the orc
  4724 | D:5      | Reached XP level 8. HP: 38/78 MP: 7/7
  5219 | D:6      | Reached skill level 10 in Fighting
  5219 | D:6      | Reached skill level 10 in Axes
  5670 | D:6      | Reached skill level 11 in Fighting
  5738 | D:6      | Found a stormy altar of Qazlal.
  5962 | D:6      | Reached *** piety under Okawaru
  6082 | D:6      | Reached XP level 9. HP: 90/90 MP: 8/8
  6329 | D:7      | Reached skill level 12 in Fighting
  6599 | D:7      | Found Dupita's Assorted Antiques.
  6913 | D:3      | Bought a +2 mace of venom for 202 gold pieces
  6913 | D:3      | Bought 5 curare-tipped darts for 78 gold pieces
  7258 | D:7      | Reached **** piety under Okawaru
  7259 | D:7      | Reached skill level 1 in Throwing
  7584 | D:8      | Reached skill level 13 in Fighting
  7981 | D:8      | Noticed a troll
  7999 | D:8      | Killed a troll
  8185 | D:8      | Identified the +3 leather armour of Cenotucs {Str+3}
  8220 | D:8      | Paralysed by a hornet for 1 turns
  8419 | D:8      | Reached skill level 5 in Armour
  8419 | D:8      | Reached skill level 5 in Shields
  8475 | D:8      | Reached XP level 10. HP: 101/101 MP: 9/9
  8744 | D:8      | Noticed a manticore
  8754 | D:8      | Killed a manticore
  8754 | D:8      | Reached ***** piety under Okawaru
  9149 | D:8      | Found a staircase to the Lair.
  9538 | D:9      | Reached skill level 14 in Fighting
  9858 | D:9      | Noticed an orange demon
  9870 | D:9      | Received a gift from Okawaru
  9951 | D:9      | Identified the +11 battleaxe of Nightmares {freeze, Str+5
                  | Int+5 Stlth-}
 10112 | D:9      | Received a gift from Okawaru
 10163 | D:9      | Found a white marble altar of Elyvilon.
 10228 | D:9      | Found a basalt altar of Yredelemnul.
 10302 | D:9      | Noticed Erolcha
 10314 | D:9      | Killed Erolcha
 10690 | D:10     | Entered Level 10 of the Dungeon
 10692 | D:10     | Reached skill level 15 in Fighting
 10700 | D:10     | Reached XP level 11. HP: 112/112 MP: 10/10
 10787 | D:10     | Reached skill level 5 in Throwing
 10794 | D:10     | Received a gift from Okawaru
 11067 | D:10     | Noticed a deep troll
 11069 | D:10     | Found the amulet of Vitality {RegenMP++ Regen++}
 11072 | D:10     | Killed a deep troll
 11192 | D:10     | Found a staircase to the Orcish Mines.
 11451 | Lair:1   | Entered Level 1 of the Lair of Beasts
 11459 | Lair:1   | Noticed Harold
 11489 | Lair:1   | Killed Harold
 11490 | Lair:1   | Reached skill level 16 in Fighting
 12425 | Lair:2   | Noticed a skyshark
 12435 | Lair:2   | Killed a skyshark
 12435 | Lair:2   | Identified the +2 buckler of Intense Miracles {rN++}
                  | (Okawaru gifted it to you on level 2 of the Lair of Beasts)
 12435 | Lair:2   | Received a gift from Okawaru
 12448 | Lair:2   | Noticed a skyshark
 12456 | Lair:2   | Killed a skyshark
 12457 | Lair:2   | Reached skill level 17 in Fighting
 12457 | Lair:2   | Reached skill level 15 in Axes
 12486 | Lair:2   | Noticed a death yak
 12486 | Lair:2   | Noticed a death yak
 12486 | Lair:2   | Noticed a death yak
 12500 | Lair:2   | Killed a death yak
 12501 | Lair:2   | Reached XP level 12. HP: 121/125 MP: 11/11
 12502 | Lair:2   | Noticed a death yak
 12504 | Lair:2   | Noticed a death yak
 12506 | Lair:2   | Killed a death yak
 12506 | Lair:2   | Noticed a death yak
 12510 | Lair:2   | Killed a death yak
 12513 | Lair:2   | Killed a death yak
 12513 | Lair:2   | Reached ****** piety under Okawaru
 12516 | Lair:2   | Killed a death yak
 12526 | Lair:2   | Killed a death yak
 12527 | Lair:2   | Reached skill level 10 in Armour
 12577 | Lair:2   | Noticed a death yak
 12596 | Lair:2   | Killed a death yak
 12597 | Lair:2   | Reached skill level 1 in Dodging
 12709 | Lair:2   | Received a gift from Okawaru
 12792 | Lair:2   | Reached skill level 18 in Fighting
 12830 | Lair:2   | Found a hole to the Spider Nest.
 12941 | Lair:2   | Found a staircase to the Swamp.
 13510 | Lair:3   | Noticed a death yak
 13510 | Lair:3   | Noticed a death yak
 13522 | Lair:3   | Noticed a death yak
 13524 | Lair:3   | Killed a death yak
 13524 | Lair:3   | Noticed a death yak
 13528 | Lair:3   | Killed a death yak
 13533 | Lair:3   | Killed a death yak
 13534 | Lair:3   | Reached XP level 13. HP: 126/134 MP: 12/12
 13958 | D:7      | Bought a scroll of enchant weapon for 247 gold pieces
 13958 | D:7      | Bought an inky potion for 29 gold pieces
 13958 | D:7      | Bought an iron wand for 132 gold pieces
 14828 | Lair:4   | Reached skill level 5 in Dodging
 14877 | Lair:4   | Found a viscous altar of Jiyva.
 14877 | Lair:4   | Found a staircase to the Slime Pits.
 15303 | Lair:5   | Entered Level 5 of the Lair of Beasts
 15440 | Lair:5   | Found a broken altar of Ashenzari.
 15488 | Lair:5   | Received a gift from Okawaru
 15832 | Lair:5   | Reached skill level 10 in Throwing
 15922 | Lair:5   | Received a gift from Okawaru
 15923 | Lair:5   | Reached skill level 19 in Fighting
 16226 | Lair:5   | Paralysed by a hornet for 3 turns
 16231 | Lair:5   | Paralysed by a hornet for 2 turns
 16235 | Lair:5   | Slain by a hornet

Illustrated notes

Levels and vault maps discovered:
D:1:      sevenhm_arrival_forest_fort_small_6, layout_basic
D:2:      layout_rooms, corexii_item_surrounded_by_moat
D:3:      layout_basic, trog_three_pillars_becter, serial_shops,
          nicolae_shop_tiny_glass, grunt_decor_clamped, nicolae_wormholes
D:4:      layout_loops_ring, nicolae_wu_jian_immortal_techniques,
          mainiacjoe_overflow_small_starburst, minmay_temple_entry_tees,
          ebering_ghost_reflecting_pool, uniq_ijyb
D:5:      layout_cave_pods, corexii_mini_fake_secret_closet,
          serial_park_tiny_pond, uniq_edmund, uniq_blork_the_orc
D:6:      layout_basic, nicolae_qazlal_scattered_showers
D:7:      layout_cave_pools, serial_shops, nicolae_diamond_shop
D:8:      layout_loops_corners, erik_lair_island, minivault_5
D:9:      layout_irregular_city, kennysheep_ying_yang, uniq_erolcha
D:10:     layout_rooms, orc_0_dummy, hex_tiny, minmay_misc_feat_doors,
          hellmonk_guarded_unrand_vitality_bloodlust
Temple:   lightli_temple_of_artemis
Lair:1:   wander_river, layout_gridlike, serial_bayou_crossing,
          infiniplex_staircase_pool, serial_bayou_shore_a, uniq_harold
Lair:2:   layout_misc_corridors, minmay_swamp_entry_reptiles,
          spider_nest_entry_web_field, serial_bayou_pond_d, grunt_megastairs_5
Lair:3:   layout_gridlike, chequers_serial_rivers_large_b
Lair:4:   layout_big_grid, dpeg_slime_entry_enclosed, roderic_carrion_pond,
          serial_bayou_shore_b, infiniplex_staircase_pool_2, grunt_megastairs_1
Lair:5:   hangedman_lair_tendril_chambers, layout_hall_layers, wormcave,
          basic_altar, st_stairs_5

Skill      XL: |  1  2  3  4  5  6  7  8  9 10 11 12 13 |
---------------+----------------------------------------+-----
Axes           | 3 4 5 6 7 9 11 13 15 16 17 | 17.1
Fighting       | 4 5 6 7 9 11 13 15 17 18 19 | 19.0
Throwing       | 2 4 7 8 10 | 10.3
Armour         | 5 7 9 10 | 10.2
Shields        | 5 6 |  6.4
Dodging        | 4 7 |  7.0

Action                     |  1- 3 |  4- 6 |  7- 9 | 10-12 | 13-15 || total
---------------------------+-------+-------+-------+-------+-------++-------
  Melee: War axe           |    73 |   120 |   233 |    76 |       ||   502
         Headbutt          |    11 |    28 |    50 |    57 |    26 ||   172
         Battleaxe         |       |       |       |   240 |   131 ||   371
         Dire flail        |       |       |       |       |     9 ||     9
  Throw: Dart              |       |     4 |     1 |       |       ||     5
         Boomerang         |       |     3 |    59 |    49 |    20 ||   131
 Invoke: Heroism           |       |       |       |     2 |       ||     2
  Evoke: Wand              |       |       |     1 |       |       ||     1
    Use: Scroll            |     8 |     4 |     9 |     4 |     7 ||    32
         Potion            |     2 |     2 |       |     1 |     4 ||     9
 Armour: Scale mail        |    30 |    16 |       |       |       ||    46
         Chain mail        |       |    31 |   118 |   147 |    64 ||   360
  Dodge: Dodged            |    24 |    42 |    78 |    93 |    59 ||   296
  Block: Buckler           |    22 |    31 |    45 |    16 |       ||   114
